 Dungeon Crawl Stone Soup version 0.32-a0-975-g85d4e5bfdb (webtiles) character file.

Game seed: 4329477692322077139

102 Shayle the Apothecary (level 4, -1/32 HPs)
             Began as a Coglin Alchemist on Apr 18, 2024.
             Slain by a gnoll
             ... wielding a +0 spear
              (9 damage)
             ... on level 3 of the Dungeon.
             The game lasted 00:04:54 (1391 turns).

Shayle the Apothecary (Coglin Alchemist)            Turns: 1391, Time: 00:04:55

Health: -1/32      AC:  3    Str:  9    XL:     4   Next: 77%
Magic:  7/7        EV: 11    Int: 16    God:
Gold:   134        SH:  0    Dex: 14    Spells: 6/7 levels left

rFire   . . .        d - +1 spear (freeze) {Balvinder}
rCold   . . .        e - +0 war axe {Wira}
rNeg    . . .        a - +0 robe
rPois   .            (no helmet)
rElec   .            c - +0 cloak
rCorr   .            (no gloves)
SInv    .            (no boots)
Will    .....        (amulet unavailable)
Stlth   ++           (ring unavailable)
HPRegen 0.25/turn    (ring unavailable)
MPRegen 0.10/turn    (no gizmo)

%: no passive effects
@: revving
A: off-hand wielding, slow wielding, warmup strikes, no jewellery
a: Invent Gizmo


You were on level 3 of the Dungeon.
You visited 1 branch of the dungeon, and saw 3 of its levels.

You collected 134 gold pieces.

Inventory:

Hand Weapons
 d - a +1 spear of freezing (weapon) {Balvinder}
 e - a +0 war axe (offhand) {Wira}
Armour
 a - a +0 robe (worn)
 c - a +0 cloak (worn)
Scrolls
 h - 3 scrolls of teleportation
 j - 2 scrolls of blinking
Potions
 b - a potion of resistance
 f - 2 potions of lignification
 i - a potion of berserk rage {unknown}
 k - a potion of enlightenment {unknown}
 m - 2 potions of curing
 n - a potion of cancellation {unknown}


   Skills:
 + Level 1.6 Fighting
 + Level 2.4 Dodging
 - Level 1.5 Stealth
 + Level 2.3 Spellcasting
 + Level 1.8 Conjurations
 + Level 3.9 Alchemy


You had 6 spell levels left.
You knew the following spells:

 Your Spells              Type           Power      Damage    Failure   Level
a - Sting                 Conj/Alch      44%        1d5       6%          1

Your spell library contained the following spells:

 Spells                   Type           Power      Damage    Failure   Level
 Mercury Vapours          Alch/Air       16%        N/A       14%         2
 Mephitic Cloud           Conj/Alch/Air  8%         N/A       26%         3
 Olgreb's Toxic Radiance  Alch           14%        N/A       36%         4
 Sticky Flame             Fire/Alch      8%         2d4       65%         4
 Animate Dead             Necr           1%         N/A       89%         4
 Borgnjor's Vile Clutch   Necr/Erth      0%         N/A       99%         5
 Death Channel            Necr           0%         N/A       100%        6


Dungeon Overview and Level Annotations

Branches:
Dungeon (3/15)

Altars:
Trog


Innate Abilities, Weirdness & Mutations

You can wield a second weapon in your off-hand.
It takes a long time for you to wield or remove held weapons.
Your first few attacks do less damage.
You cannot equip rings or amulets.


Message History

It is a scroll of amnesia.
Okay, then.
As you read the scroll labelled HOKITAERIBB, it crumbles to dust.
A wave of despondency washes over your surroundings.
It was a scroll of vulnerability.
There is a stone staircase leading down here.
Things that are here:
a +0 whip; 2 stones You now have 134 gold pieces (gained 18).
You see here a staff of fire.
Found a flail.
A gnoll comes into view. It is wielding a +0 spear.
The gnoll shouts! x3
You hit the gnoll but do no damage. x2; The gnoll hits you with a +0 flail.
The gnoll hits you from afar with a +0 spear.
You feel your willpower return.
The gnoll hits something with a +0 whip.
The gnoll attacks as it pursues you! The gnoll barely misses you.
The gnoll attacks as it pursues you! The gnoll barely misses you.
You see here a staff of fire.
The gnoll attacks as it pursues you! The gnoll hits you but does no damage.
You closely miss the gnoll with your +0 war axe.
You barely miss the gnoll with your +1 spear of freezing.
The gnoll hits you with a +0 flail.
You barely miss the gnoll with your +1 spear of freezing.
You closely miss the gnoll with your +0 war axe.
The gnoll closely misses you.
The gnoll hits you from afar with a +0 spear.
You slash the gnoll with your +0 war axe!
The gnoll is heavily wounded.
You hit the gnoll with your +1 spear of freezing.
You freeze the gnoll.
The gnoll hits you from afar with a +0 spear.
The gnoll hits you with a +0 flail!
* * * LOW HITPOINT WARNING * * *
The gnoll hits you but does no damage. The gnoll closely misses you.
You feel better. The gnoll hits you with a +0 flail!
* * * LOW HITPOINT WARNING * * *
The gnoll hits you from afar with a +0 spear!
You die...

##.##.##.#.## .# ..#
##..........# #.. ..
...##.###...# #.#..
...##.# #...# ####.#.
#..##.# #...# #.....
†.....###...####.##.#
.................##.# #
###..............gg.# ...
#.............@##.###....#
#.###.#....###...#.g.# #.#
#.#....# ##.##).P# ###>#
#.#.<..# ##.P.P.P.# <...#
#....# ..PP...# .####
#....# #P...P..# .# .....#
..P......# .# ###.###
#P.P......# ## ..
#.P...P...#


You could see 2 gnolls.

Vanquished Creatures
  4 adders
  2 dart slugs
  2 ribbon worms (D:2)
  An orc (D:3)
  7 endoplasms
  2 giant cockroaches
  A hobgoblin (D:1)
  3 jackals (D:1)
  2 quokkas (D:2)
  7 ball pythons
  7 bats
  4 frilled lizards
  7 goblins
  4 kobolds
  3 rats (D:1)
56 creatures vanquished.

Notes
Turn   | Place    | Note
-------+----------+-------------------------------------------
     0 | D:1      | Shayle the Coglin Alchemist began the quest for the Orb.
     0 | D:1      | Reached XP level 1. HP: 13/13 MP: 3/3
   138 | D:1      | Reached skill level 1 in Conjurations
   249 | D:1      | Reached XP level 2. HP: 20/20 MP: 0/4
   564 | D:1      | Reached XP level 3. HP: 25/25 MP: 6/6
   770 | D:2      | Reached skill level 1 in Fighting
   907 | D:2      | Found a bloodstained altar of Trog.
   943 | D:2      | Reached XP level 4. HP: 32/32 MP: 7/7
  1391 | D:3      | Slain by a gnoll

Illustrated notes

Levels and vault maps discovered:
D:1:      minmay_arrival_wavy_path, layout_rooms
D:2:      layout_basic, basic_altar
D:3:      layout_loops_cross, shapermc_ecumenical_altar_gd,
          kennysheep_generic_room_3

Skill      XL: |  1  2  3 |
---------------+----------+-----
Conjurations   | 1 |  1.8
Dodging        | 2 |  2.4
Spellcasting   | 2 |  2.3
Fighting       | 1 |  1.6
Stealth        | |  1.5
Alchemy        | |  3.9

Action                     |  1- 3 |  4- 6 || total
---------------------------+-------+-------++-------
  Melee: Unarmed           |    32 |       ||    32
         War axe           |    50 |    30 ||    80
         Spear             |    44 |    30 ||    74
   Cast: Sting             |    23 |       ||    23
    Use: Scroll            |     1 |     7 ||     8
         Potion            |     1 |     1 ||     2
   Stab: Sleeping          |     2 |       ||     2
 Armour: Robe              |    64 |    36 ||   100
  Dodge: Dodged            |    58 |    28 ||    86

Table legend: (Time is in decaauts)
 A = Elapsed time spent in this place.
 B = Non-inter-level travel time spent in this place.
 C = Inter-level travel time spent in this place.
 D = Time resting spent in this place.
 E = Time spent auto-exploring this place.
 F = Levels seen in this place.
 G = Mean time per level.
                   A        B        C        D        E       F      G
               +--------+--------+--------+--------+--------+-----+--------+
         Total |   1416 |   1374 |     42 |    120 |    636 |   3 |  472.0 |
       Dungeon |   1416 |   1374 |     42 |    120 |    636 |   3 |  472.0 |
               +--------+--------+--------+--------+--------+-----+--------+

Top non-repeatable levels by time:
     D:1: 742 daAuts
     D:2: 557 daAuts
     D:3: 117 daAuts
